 Dungeon Crawl Stone Soup version 0.32-a0-928-g1cae6b7ea0 (webtiles) character file.

Game seed: 5159214203819229866

90493 Mgcat the Severer (level 16, 0/145 HPs)
             Began as a Coglin Fighter on Apr 12, 2024.
             Was the Champion of Okawaru.
             Killed from afar by a deep elf knight (10 damage)
             ... with a shard of ice
             ... on level 13 of the Dungeon.
             The game lasted 00:36:47 (20672 turns).

Mgcat the Severer (Coglin Fighter)                 Turns: 20672, Time: 00:36:48

Health: 0/145      AC: 25    Str: 24    XL:     16   Next: 0%
Magic:  17/17      EV: 13    Int:  7    God:    Okawaru [******]
Gold:   549        SH:  0    Dex: 18    Spells: 15/15 levels left

rFire   + . .        a - +0 war axe (drain) {Londisizwe}
rCold   + + +        d - +3 broad axe "Vunue" {vamp, rC++ Will++ Stlth+}
rNeg    + . .        E - +1 chain mail of Noughts and Crosses {rElec rF+ rC+ Dex+2}
rPois   +            i - +2 helmet of the Enchanted Forest {rPois Will+}
rElec   +            w - +2 cloak {Will+}
rCorr   .            M - +2 pair of gloves {Str+3}
SInv    .            y - +0 pair of boots of Gaesyulo {rN+ Stlth+}
Will    +++++        (amulet unavailable)
Stlth   +            (ring unavailable)
HPRegen 0.44/turn    (ring unavailable)
MPRegen 0.15/turn    N - pneumatic inducer {AutoDazzle, rElec Will+}

%: no passive effects
@: revving
A: off-hand wielding, slow wielding, warmup strikes, no jewellery, robust 1,
weak 1
a: Renounce Religion, Heroism, Finesse, Duel


You were on level 13 of the Dungeon.
You worshipped Okawaru.
Okawaru was exalted by your worship.
You visited 4 branches of the dungeon, and saw 21 of its levels.
You also visited: Volcano.

You collected 2741 gold pieces.
You spent 2192 gold pieces at shops.

Inventory:

Hand Weapons
 a - a +0 war axe of draining (weapon) {Londisizwe}
 d - the +3 broad axe "Vunue" (offhand) {vamp, rC++ Will++ Stlth+}
   (Okawaru gifted it to you on level 5 of the Lair of Beasts)

   rC++:      It greatly protects you from cold.
   Will++:    It greatly increases your willpower.
   Stlth+:    It makes you more stealthy.
Missiles
 B - 2 throwing nets {=f, !d}
Armour
 i - the +2 helmet of the Enchanted Forest (worn) {rPois Will+}
   (You took it off Robin on level 2 of the Dungeon)

   rPois:     It protects you from poison.
   Will+:     It increases your willpower.
 w - a +2 cloak of willpower (worn)
   (You bought it in a shop on level 2 of the Orcish Mines)
 y - the +0 pair of boots of Gaesyulo (worn) {rN+ Stlth+}
   (You bought it in a shop on level 1 of the Orcish Mines)

   rN+:       It protects you from negative energy.
   Stlth+:    It makes you more stealthy.
 E - the +1 chain mail of Noughts and Crosses (worn) {rElec rF+ rC+ Dex+2}
   (You found it on level 6 of the Dungeon)

   Dex+2:     It affects your dexterity (+2).
   rF+:       It protects you from fire.
   rC+:       It protects you from cold.
   rElec:     It insulates you from electricity.
 M - a +2 pair of gloves of strength (worn)
   (Okawaru gifted it to you on level 5 of the Lair of Beasts)
 R - the +1 scale mail "Kiphenuj" {rN+++ SInv}
   (You bought it in a shop on level 13 of the Dungeon)

   rN+++:     It renders you almost immune to negative energy.
   SInv:      It lets you see invisible.
Gizmo
 N - a pneumatic inducer (installed) {AutoDazzle, rElec Will+}
   (You invented it yourself on level 5 of the Lair of Beasts)

   [pneumatic inducer]

   AutoDazzle: It sometimes fires a blinding ray at enemies whose attacks you
   dodge.
   rElec:     It insulates you from electricity.
   Will+:     It increases your willpower.
Wands
 z - a wand of warping (10)
   (You took it off Crazy Yiuf on level 4 of the Dungeon)
 G - a wand of flame (8)
   (You took it off a crimson imp on level 9 of the Dungeon)
 K - a wand of mindburst (4)
   (You found it on level 3 of the Lair of Beasts)
Scrolls
 e - 6 scrolls of identify
 h - 4 scrolls of fog
 k - 2 scrolls of vulnerability {!r!r}
 r - 4 scrolls of teleportation
 t - 2 scrolls of fear
 u - 2 scrolls of amnesia
 D - 3 scrolls of blinking {!r}
 F - a scroll of silence
 H - a scroll of brand weapon
 J - 4 scrolls of poison
 O - 2 scrolls of noise {unknown}
 P - a scroll of enchant weapon
 Q - 2 scrolls of enchant armour
Potions
 c - a potion of resistance
 g - 2 potions of enlightenment
 j - 4 potions of brilliance
 l - 9 potions of curing
 m - 3 potions of attraction {!q}
 n - a potion of degeneration {!q}
 o - 3 potions of lignification {!q}
 p - 4 potions of ambrosia
 q - a potion of magic
 s - 3 potions of berserk rage {!q}
 v - a potion of mutation {!q}
 x - 2 potions of cancellation
 A - 3 potions of heal wounds
 C - 2 potions of haste
 I - 4 potions of invisibility
 L - 3 potions of might
Miscellaneous
 b - a phantom mirror
   (You bought it in a shop on level 1 of the Orcish Mines)


   Skills:
 + Level 13.6 Fighting
 * Level 18.5 Axes
 + Level 12.6 Armour
 + Level 9.1 Dodging
 - Level 2.1 Shields
 + Level 2.2 Invocations


You had 15 spell levels left.
You didn't know any spells.
Your spell library contained the following spells:

 Spells                   Type           Power      Damage    Failure   Level
 Apportation              Tloc           0%         N/A       87%         1
 Necrotise                Necr           0%         1d4       87%         1
 Sting                    Conj/Alch      0%         1d3       87%         1
 Cigotuvi's Dreadful Rot  Necr/Alch/Air  0%         N/A       95%         2
 Jinxbite                 Hex            0%         N/A       95%         2
 Lesser Beckoning         Tloc           0%         N/A       95%         2
 Inner Flame              Hex/Fire       0%         N/A       99%         3
 Maxwell's Portable Pile  Tloc           0%         2d(5-13)  99%         3
 Teleport Other           Tloc           0%         N/A       99%         3
 Flame Wave               Conj/Fire      0%         2d4       100%        4
 Ignite Poison            Fire/Alch      0%         N/A       100%        4
 Sticky Flame             Fire/Alch      0%         2d4       100%        4
 Freezing Cloud           Conj/Ice/Air   0%         6-21      100%        5
 Yara's Violent Unravell  Hex/Alch       0%         3d3       100%        5
 Enfeeble                 Hex            0%         N/A       100%        7
 Summon Small Mammal      Summ           Unusable   N/A       N/A         1

Dungeon Overview and Level Annotations

Branches:
Dungeon (13/15)            Temple (1/1) D:4            Lair (5/5) D:8
 Shoals (0/4) Lair:2       Spider (0/4) Lair:2        Slime (0/5) Lair:4
    Orc (2/2) D:11            Elf (0/3) Orc:2       Volcano (visited)
 Vaults: D:13-14

Altars:
Ashenzari
Cheibriados
Dithmenos
Elyvilon
Fedhas
Gozag
Hepliaklqana
Kikubaaqudgha
Makhleb
Nemelex Xobeh
Okawaru
Qazlal
Ru
Sif Muna
Trog
Uskayaw
Vehumet
Wu Jian
Xom
Yredelemnul
Zin
The Shining One

Shops:
D:1 :   D:7 ?   D:8 *   D:13 *   Orc:1 :?=[*   Orc:2 =[?

Portals:
Pandemonium: Orc:2


Innate Abilities, Weirdness & Mutations

You can wield a second weapon in your off-hand.
It takes a long time for you to wield or remove held weapons.
Your first few attacks do less damage.
You cannot equip rings or amulets.
You are robust. (+10% HP)
You are weak. (Str -2)


Message History

Okay, then.
Unknown command.
The deep elf archer shoots an arrow.
The arrow misses you.
Aiming: Bolt of Light
Press: ? - help, Shift-Dir - straight line, f/p - deep elf archer
Aim: a deep elf archer, wielding a +0 longbow and wearing a +0 leather armour (repelling missiles, 20% to hit)
The bolt of light hits the deep elf archer!
The deep elf archer is moderately wounded.
The deep elf archer is blinded.
Aiming: Bolt of Light
Press: ? - help, Shift-Dir - straight line, f/p - deep elf archer
Aim: a deep elf archer, wielding a +0 longbow and wearing a +0 leather armour (moderately wounded, repelling missiles, blind, unable to see you, 20% to hit)
The deep elf archer repels the bolt of light!
The deep elf archer shoots an arrow.
The arrow misses you.
Aiming: Bolt of Light
Press: ? - help, Shift-Dir - straight line, f/p - deep elf archer
Aim: a deep elf archer, wielding a +0 longbow and wearing a +0 leather armour (moderately wounded, repelling missiles, blind, unable to see you, 20% to hit)
The deep elf archer repels the bolt of light!
The deep elf archer shoots an arrow.
The arrow hits you but does no damage.
Aiming: Bolt of Light
Press: ? - help, Shift-Dir - straight line, f/p - deep elf archer
Aim: a deep elf archer, wielding a +0 longbow and wearing a +0 leather armour (moderately wounded, repelling missiles, blind, unable to see you, 20% to hit)
The bolt of light hits the deep elf archer!
The deep elf archer is heavily wounded.
The deep elf archer shoots an arrow.
The arrow hits you!
The deep elf knight casts a spell at you.
The shard of ice hits you! You partially resist.
You take 24 damage, and have 95/137 hp.
Aiming: Bolt of Light
Press: ? - help, Shift-Dir - straight line, f/p - deep elf archer
Aim: a deep elf archer, wielding a +0 longbow and wearing a +0 leather armour (heavily wounded, repelling missiles, blind, unable to see you, 20% to hit)
The bolt of light hits the deep elf archer!
The deep elf archer is almost dead.
The deep elf archer shoots an arrow.
The arrow hits you!!
You take 24 damage, and have 71/137 hp.
Aiming: Bolt of Light
Press: ? - help, Shift-Dir - straight line, f/p - deep elf archer
Aim: a deep elf archer, wielding a +0 longbow and wearing a +0 leather armour (almost dead, repelling missiles, blind, unable to see you, 20% to hit)
The bolt of light hits the deep elf archer.
The deep elf archer is almost dead.
The now-empty wand crumbles to dust.
The deep elf archer is no longer blind.
The deep elf archer shoots an arrow.
The arrow hits you!
You take 9 damage, and have 62/137 hp.
Aiming: Warp Space
Press: ? - help, Shift-Dir - straight line, f/p - deep elf archer
Aim: a deep elf archer, wielding a +0 longbow and wearing a +0 leather armour (almost dead, repelling missiles, chance to blink: 50%) Space twists violently!
The rupture engulfs the deep elf archer!
The deep elf archer blinks!
Okawaru accepts your kill.
You feel a bit more experienced.
The deep elf knight gestures at you while chanting.
The lance of force hits you!
You are knocked back by the lance of force.
You slam into the rock wall.
You have reached level 16!
You feel agile.
You take 4 damage, and have 58/145 hp.
MP restored: 17 Unknown command.
Unknown command.
The deep elf knight casts a spell at you.
The shard of ice hits you. You partially resist.
You take 2 damage, and have 57/145 hp.
You start resting.
A deep elf knight is nearby!
The deep elf knight gestures at you while chanting.
The lance of force hits you!!
* * * LOW HITPOINT WARNING * * *
You are knocked back by the lance of force.
You slam into the rock wall.
You see here a +0 dagger.
You take 21 damage, and have 38/145 hp.
The deep elf knight misses you.
You slash the deep elf knight with your +0 war axe of draining!
The deep elf knight is moderately wounded.
You closely miss the deep elf knight with the +3 broad axe "Vunue".
The deep elf knight gestures at you while chanting.
The shard of ice hits you! You partially resist.
* * * LOW HITPOINT WARNING * * *
You take 15 damage, and have 23/145 hp.
You slash the deep elf knight with your +0 war axe of draining!
The deep elf knight is heavily wounded.
You closely miss the deep elf knight with the +3 broad axe "Vunue".
You feel much better.
The deep elf knight hits you but does no damage.
You regained 22 hp, and now have 45/145 hp.
You slash the deep elf knight with the +3 broad axe "Vunue"!
The deep elf knight is severely wounded.
You miss the deep elf knight with your +0 war axe of draining.
The deep elf knight points at you and mumbles some strange words.
The lance of force hits you!!
* * * LOW HITPOINT WARNING * * *
You are knocked back by the lance of force.
You slam into the rock wall!
* * * LOW HITPOINT WARNING * * *
You take 35 damage, and have 10/145 hp.
MASSIVE DAMAGE!!
The deep elf knight casts a spell at you.
The shard of ice hits you! You partially resist.
You die...

####..[....[### #
#........>....## ##
#..............# #.
#..#........##.#########.
#..##..##..##............
#.........##########.....
##.......######......###.
#.......)).##..###### #.
#...[..@.(............#.
#.......##)###........##
#....e..##...#........ #
####.#######.#..........
#.# ..........#.
####.##### ...........
#........# ...∩.......
#........# .###.###..
#........# ##. #..


You could see a deep elf knight.

Vanquished Creatures
  Gastronok (Lair:1)
  Donald (Orc:2)
  The ghost of Killmatronix the Bludgeoner, a journeyman TrMo of Zin (Orc:2)
  An orc warlord (Orc:2)
  2 hydras
  Fannar (Lair:2)
  5 catoblepae
  5 two-headed ogres
  Erolcha (Orc:2)
  3 centaur warriors (D:13)
  A demonspawn (Orc:2)
  Erica (D:9)
  A tengu warrior (D:13)
  6 death yaks
  5 orc high priests (Orc:2)
  5 skysharks
  A pharaoh ant (Lair:2)
  Lodul (D:10)
  A deep elf archer (D:13)
  An arcanist (D:13)
  Pikel (D:4)
  5 orc knights
  3 lindwurms
  A deep elf pyromancer (D:13)
  3 obsidian bats (Orc:2)
  5 cyclopes
  6 orc sorcerers (Orc:2)
  An ugly thing (D:13)
  3 manticores
  7 kobold blastminers
  A moth of wrath (Orc:2)
  7 black mambas
  A toenail golem (Volcano)
  14 elephants
  4 meliai (D:13)
  A torpor snail (Lair:5)
  2 molten gargoyles (Volcano)
  2 unseen horrors
  4 gargoyles
  11 cane toads
  An orange demon (Orc:2)
  3 rime drakes
  Jeremiah (D:9)
  4 komodo dragons
  2 kobold demonologists (D:11)
  2 efreet (Volcano)
  7 trolls
  A wind drake (Lair:2)
  5 polar bears
  A hornet (D:10)
  A jumping spider (Lair:2)
  11 dream sheep (Lair:5)
  11 blink frogs
  Prince Ribbit (Lair:1)
  3 slime creatures
  2 shadows (D:13)
  A wyvern (D:9)
  2 vampires (D:13)
  3 fire elementals (Volcano)
  4 basilisks
  63 yaks
  A neqoxec (Orc:2)
  7 wargs
  2 vampire mosquitoes (D:12)
  A redback (Lair:2)
  2 steam dragons
  12 water moccasins
  2 acid dragons
  27 orc warriors
  2 sky beasts
  3 black bears
  4 laughing skulls
  An ice beast (D:6)
  A wolf (shapeshifter) (D:13)
  3 wolves (Lair:3)
  13 ogres
  2 phantoms
  8 centaurs
  2 lemures (D:4)
  3 kobold brigands
  18 bullfrogs
  2 gnoll sergeants
  3 scorpions
  2 earth elementals (Volcano)
  A wight (D:8)
  A hornet simulacrum (D:8)
  18 killer bees
  An electric eel (D:8)
  2 howler monkeys (D:10)
  A bombardier beetle (D:6)
  A crimson imp (D:9)
  4 hounds
  2 gnoll boudas (D:10)
  A jelly (D:4)
  18 orc priests
  Crazy Yiuf (D:4)
  Jessica (D:2)
  5 iguanas
  A sleepcap (D:8)
  5 hell rats (Lair:1)
  21 orc wizards
  Robin (D:2)
  22 gnolls
  13 adders
  A shadow imp (D:6)
  2 white imps (D:8)
  3 dart slugs
  A ribbon worm (D:3)
  76 orcs
  7 ball pythons
  6 bats
  11 endoplasms
  4 giant cockroaches
  17 goblins
  13 hobgoblins
  A jackal (D:3)
  17 kobolds
  3 quokkas
  3 frilled lizards
  10 rats
671 creatures vanquished.

Vanquished Creatures (others)
  A molten gargoyle (Volcano)
  An orc priest (Orc:2)
2 creatures vanquished.

Grand Total: 673 creatures vanquished

Notes
Turn   | Place    | Note
-------+----------+-------------------------------------------
     0 | D:1      | Mgcat the Coglin Fighter began the quest for the Orb.
     0 | D:1      | Reached XP level 1. HP: 18/18 MP: 1/1
   114 | D:1      | Reached XP level 2. HP: 24/24 MP: 2/2
   221 | D:1      | Found Ritil's Vocational Training.
   304 | D:1      | Reached skill level 3 in Armour
   416 | D:1      | Reached XP level 3. HP: 26/29 MP: 3/3
   719 | D:2      | Reached skill level 3 in Axes
   781 | D:2      | Reached XP level 4. HP: 26/35 MP: 4/4
  1089 | D:2      | Noticed Jessica
  1097 | D:2      | Killed Jessica
  1125 | D:2      | Reached XP level 5. HP: 41/42 MP: 5/5
  1129 | D:2      | Identified the +2 helmet of the Enchanted Forest {rPois
                  | Will+}
  1129 | D:2      | Noticed Robin
  1138 | D:2      | Killed Robin
  1143 | D:2      | Reached skill level 4 in Axes
  1865 | D:3      | Reached skill level 4 in Fighting
  2037 | D:3      | Reached XP level 6. HP: 46/48 MP: 6/6
  2050 | D:3      | Found a blossoming altar of Fedhas.
  2108 | D:3      | Found an ancient bone altar of Kikubaaqudgha.
  2445 | D:4      | Reached skill level 5 in Axes
  2445 | D:4      | Reached skill level 4 in Armour
  2537 | D:4      | Found a staircase to the Ecumenical Temple.
  2564 | D:4      | Found a runed translucent door.
  2582 | Temple   | Entered the Ecumenical Temple
  2852 | D:4      | Found an iron altar of Okawaru.
  2876 | D:4      | Became a worshipper of Warmaster Okawaru
  3040 | D:4      | Noticed Crazy Yiuf
  3046 | D:4      | Killed Crazy Yiuf
  3127 | D:4      | Noticed Pikel
  3135 | D:4      | Killed Pikel
  3135 | D:4      | Reached * piety under Okawaru
  3136 | D:4      | Reached skill level 5 in Fighting
  3136 | D:4      | Reached skill level 6 in Axes
  3136 | D:4      | Reached XP level 7. HP: 41/56 MP: 7/7
  3136 | D:4      | Reached XP level 8. HP: 46/62 MP: 8/8
  3165 | D:5      | Entered Level 5 of the Dungeon
  3307 | D:5      | Reached skill level 5 in Armour
  3375 | D:5      | Found a hide-covered altar of Uskayaw.
  3392 | D:5      | Reached skill level 7 in Axes
  3413 | D:5      | Reached ** piety under Okawaru
  3427 | D:5      | Reached skill level 6 in Fighting
  3940 | D:6      | Reached skill level 8 in Axes
  3949 | D:6      | Reached XP level 9. HP: 70/70 MP: 9/9
  4109 | D:6      | Reached skill level 6 in Armour
  4119 | D:6      | Identified the +1 chain mail of Noughts and Crosses {rElec
                  | rF+ rC+ Dex+2}
  4505 | D:7      | Found Umeantuc's Magic Scroll Shop.
  4508 | D:7      | Bought a scroll of brand weapon for 123 gold pieces
  4508 | D:7      | Bought a scroll of enchant armour for 97 gold pieces
  4508 | D:7      | Bought a scroll of identify for 26 gold pieces
  4508 | D:7      | Bought a scroll of brand weapon for 123 gold pieces
  4508 | D:7      | Bought a scroll of teleportation for 39 gold pieces
  4790 | D:7      | Reached *** piety under Okawaru
  4791 | D:7      | Reached skill level 9 in Axes
  4806 | D:7      | Reached skill level 7 in Fighting
  5386 | D:8      | Noticed a polar bear
  5394 | D:8      | Killed a polar bear
  5394 | D:8      | Reached **** piety under Okawaru
  5395 | D:8      | Reached skill level 10 in Axes
  5395 | D:8      | Reached XP level 10. HP: 77/80 MP: 10/10
  5398 | D:8      | Reached skill level 7 in Armour
  5436 | D:8      | Found an opulent altar of Gozag.
  5458 | D:8      | Noticed an elephant
  5477 | D:8      | Killed an elephant
  5478 | D:8      | Reached skill level 8 in Fighting
  5561 | D:8      | Found a staircase to the Lair.
  5561 | D:8      | Noticed an elephant
  5568 | D:8      | Killed an elephant
  5634 | D:8      | Found a glowing golden altar of the Shining One.
  5647 | D:8      | Found a shadowy altar of Dithmenos.
  5653 | D:8      | Found a stormy altar of Qazlal.
  5686 | D:8      | Found Sunush's General Store.
  5694 | D:8      | Bought a scroll of poison for 56 gold pieces
  5722 | D:8      | Noticed a death yak
  5732 | D:8      | Killed a death yak
  5733 | D:8      | Reached skill level 11 in Axes
  5806 | D:8      | Reached ***** piety under Okawaru
  5824 | D:8      | Found a shimmering altar of Xom.
  5827 | D:8      | Found a shimmering altar of Xom.
  6316 | D:9      | Noticed Jeremiah
  6500 | D:9      | Reached skill level 8 in Armour
  6501 | D:9      | Reached XP level 11. HP: 71/87 MP: 11/11
  6507 | D:9      | Received a gift from Okawaru
  6623 | D:9      | Reached skill level 9 in Fighting
  6623 | D:9      | Reached skill level 12 in Axes
  6734 | D:9      | Found a burning altar of Makhleb.
  6734 | D:9      | Found a radiant altar of Vehumet.
  6830 | D:9      | Killed Jeremiah
  6880 | D:9      | Noticed Erica
  6892 | D:9      | Killed Erica
  7081 | D:10     | Entered Level 10 of the Dungeon
  7093 | D:10     | Noticed a two-headed ogre
  7101 | D:10     | Killed a two-headed ogre
  7153 | D:10     | Noticed Lodul
  7172 | D:10     | Killed Lodul
  7175 | D:10     | Received a gift from Okawaru
  7527 | D:10     | Noticed a two-headed ogre
  7543 | D:10     | Killed a two-headed ogre
  7544 | D:10     | Reached skill level 13 in Axes
  7966 | D:10     | Reached skill level 9 in Armour
  8395 | D:11     | Noticed a two-headed ogre
  8453 | D:11     | Reached skill level 1 in Dodging
  8659 | D:11     | Noticed a two-headed ogre
  8671 | D:11     | Killed a two-headed ogre
  8672 | D:11     | Reached skill level 10 in Fighting
  8672 | D:11     | Reached XP level 12. HP: 84/97 MP: 12/12
  8688 | D:11     | Noticed a two-headed ogre
  8696 | D:11     | Killed a two-headed ogre
  8697 | D:11     | Reached skill level 2 in Dodging
  8716 | D:11     | Killed a two-headed ogre
  8716 | D:11     | Received a gift from Okawaru
  8960 | D:11     | Found a staircase to the Orcish Mines.
  9177 | Lair:1   | Entered Level 1 of the Lair of Beasts
  9271 | Lair:1   | Noticed Prince Ribbit
  9277 | Lair:1   | Killed Prince Ribbit
  9329 | Lair:1   | Reached skill level 3 in Dodging
  9583 | Lair:1   | Reached skill level 14 in Axes
  9669 | Lair:1   | Identified the orb "Gili" {guile, +Blink rPois Dex-5}
  9714 | Lair:1   | Received a gift from Okawaru
  9783 | Lair:1   | Noticed Gastronok
  9799 | Lair:1   | Killed Gastronok
 10438 | Lair:2   | Noticed a four-headed hydra
 10454 | Lair:1   | Killed a 13-headed hydra
 10725 | Lair:2   | Reached skill level 4 in Dodging
 10739 | Lair:2   | Received a gift from Okawaru
 10748 | Lair:2   | Reached skill level 10 in Armour
 10969 | Lair:2   | Found a hole to the Spider Nest.
 10978 | Lair:2   | Reached XP level 13. HP: 79/105 MP: 13/13
 10983 | Lair:2   | Reached skill level 11 in Fighting
 10998 | Lair:2   | HP: 21/106 [jumping spider simulacrum (10)]
 11375 | Lair:2   | Found a staircase to the Shoals.
 11564 | Lair:2   | Received a gift from Okawaru
 11597 | Lair:2   | Reached skill level 15 in Axes
 11609 | Lair:2   | Noticed Fannar
 11622 | Lair:2   | Killed Fannar
 11623 | Lair:2   | Reached skill level 5 in Dodging
 12576 | Lair:3   | Identified the +1 mace of Blood {vamp, Int+3 Stlth-}
 13096 | Lair:4   | Found a staircase to the Slime Pits.
 13146 | Lair:4   | Found a dark tunnel.
 13155 | Volcano  | Entered a volcano
 13155 | Volcano  | Found a white marble altar of Elyvilon.
 13777 | Volcano  | Received a gift from Okawaru
 14281 | Lair:4   | Reached skill level 6 in Dodging
 14773 | Lair:5   | Entered Level 5 of the Lair of Beasts
 14799 | Lair:5   | Reached skill level 16 in Axes
 14941 | Lair:5   | Reached skill level 11 in Armour
 15012 | Lair:5   | Reached XP level 14. HP: 114/114 MP: 14/14
 15014 | Lair:5   | Reached ****** piety under Okawaru
 15027 | Lair:5   | Reached skill level 12 in Fighting
 15127 | Lair:5   | Acquired the +3 broad axe "Vunue" {vamp, rC++ Will++
                  | Stlth+}
 15127 | Lair:5   | Received a gift from Okawaru
 15138 | Lair:5   | Acquired a +2 pair of gloves of strength
 15138 | Lair:5   | Received a gift from Okawaru
 15147 | Lair:5   | Acquired a pneumatic inducer {AutoDazzle, rElec Will+}
 15245 | Lair:5   | Received a gift from Okawaru
 15474 | Lair:5   | Reached skill level 7 in Dodging
 15490 | Lair:5   | Received a gift from Okawaru
 15891 | Lair:5   | Reached skill level 17 in Axes
 15986 | Lair:5   | Received a gift from Okawaru
 16595 | Orc:1    | Entered Level 1 of the Orcish Mines
 16595 | Orc:1    | Found Xirijia's Magic Scroll Shop.
 16598 | Orc:1    | Found Jataege's Jewellery Boutique.
 16710 | Orc:1    | Bought a scroll of blinking for 75 gold pieces
 16757 | Orc:1    | Found Westaots's Book Shoppe.
 16983 | Orc:2    | Entered Level 2 of the Orcish Mines
 17012 | Orc:2    | Noticed an orc warlord
 17027 | Orc:2    | Killed an orc warlord
 17045 | Orc:2    | Found a transporter.
 17084 | Orc:2    | Found a staircase to the Elven Halls.
 17088 | Orc:2    | Received a gift from Okawaru
 17089 | Orc:2    | Reached XP level 15. HP: 122/122 MP: 15/15
 17089 | Orc:2    | Identified the +0 kite shield "Xusel" {Fly rN+}
 17089 | Orc:2    | Noticed Donald
 17103 | Orc:2    | Killed Donald
 17213 | Orc:2    | Reached skill level 8 in Dodging
 17340 | Orc:2    | Found a transporter.
 17360 | Orc:2    | Noticed Erolcha
 17382 | Orc:2    | Reached skill level 13 in Fighting
 17386 | Orc:2    | Reached skill level 12 in Armour
 17388 | Orc:2    | Killed Erolcha
 17396 | Orc:2    | Noticed Killmatronix's ghost (journeyman TrMo)
 17743 | Orc:2    | Found Itijiuca's Magic Scroll Boutique.
 17760 | Orc:2    | Found Lumogh's General Store.
 17803 | Orc:2    | Bought a scroll of enchant weapon for 105 gold pieces
 17803 | Orc:2    | Bought a scroll of blinking for 105 gold pieces
 17803 | Orc:2    | Bought a scroll of enchant armour for 105 gold pieces
 17958 | Orc:2    | Gained mutation: You are vulnerable to heat. (rF-) [a
                  | neqoxec]
 17973 | Orc:2    | HP: 29/121 [chaos spawn[an orc high priest] (4)]
 17979 | Orc:2    | HP: 27/121 [soul eater[an orc high priest] (2)]
 17985 | Orc:2    | Received a gift from Okawaru
 17990 | Orc:2    | Reached skill level 18 in Axes
 18209 | Orc:2    | Found Wolime's Antique Armour Emporium.
 18209 | Orc:2    | Found Nidukh's Jewellery Shoppe.
 18213 | Orc:2    | Found a one-way gate leading to the halls of Pandemonium.
 18234 | Orc:2    | Bought a smouldering scarf for 200 gold pieces
 18234 | Orc:2    | Identified the scarf "Hiukhyr" {harm, Int+4} (You bought it
                  | in a shop on level 2 of the Orcish Mines)
 18234 | Orc:2    | Bought a runed cloak for 150 gold pieces
 18311 | Orc:1    | Found Icoerruf's General Store.
 18337 | Orc:1    | Bought a phantom mirror for 560 gold pieces
 18360 | Orc:1    | Found Pacif's Armour Shop.
 18368 | Orc:1    | Bought the +0 pair of boots of Gaesyulo {rN+ Stlth+} for
                  | 203 gold pieces
 18562 | Orc:2    | Killed Killmatronix's ghost
 18650 | Orc:2    | Lost mutation: You are vulnerable to heat. (rF-) [potion of
                  | mutation]
 18650 | Orc:2    | Gained mutation: You occasionally lose the ability to drink
                  | potions when taking damage. [potion of mutation]
 18650 | Orc:2    | Gained mutation: You have a pair of small horns on your
                  | head. [potion of mutation]
 18768 | D:12     | Lost mutation: You have a pair of small horns on your head.
                  | [potion of mutation]
 18768 | D:12     | Lost mutation: You occasionally lose the ability to drink
                  | potions when taking damage. [potion of mutation]
 18768 | D:12     | Gained mutation: You are weak. (Str -2) [potion of
                  | mutation]
 18768 | D:12     | Gained mutation: You are robust. (+10% HP) [potion of
                  | mutation]
 19000 | D:12     | Reached skill level 1 in Invocations
 19553 | D:13     | Identified the +7 chain mail "Synuw" {Rampage Will+}
 19680 | D:13     | Received a gift from Okawaru
 19682 | D:13     | HP: 33/136 [deep elf archer/arrow (16)]
 19945 | D:13     | Found Razimm's Assorted Antiques.
 20230 | D:13     | Reached skill level 9 in Dodging
 20245 | D:13     | Bought a heavily runed scale mail for 225 gold pieces
 20245 | D:13     | Identified the +1 scale mail "Kiphenuj" {rN+++ SInv} (You
                  | bought it in a shop on level 13 of the Dungeon)
 20286 | D:13     | Found a shadowy altar of Dithmenos.
 20441 | D:13     | Reached skill level 2 in Invocations
 20658 | D:13     | Reached XP level 16. HP: 58/145 MP: 17/17
 20668 | D:13     | HP: 23/145 [deep elf knight/shard of ice (16)]
 20671 | D:13     | HP: 10/145 [rock wall collision (15)]
 20672 | D:13     | Killed from afar by a deep elf knight

Illustrated notes

Levels and vault maps discovered:
D:1:      eino_arrival_water_cross, layout_basic, amcnicky_mini_pool_small,
          st_stairs_7, nicolae_shop_vocational
D:2:      layout_loops_ring, serial_aquarium, aquarium_bridge_straight
          [aquarium_subvault_bridge, aquarium_subvault_wall,
          aquarium_subvault_bridge, aquarium_subvault_balcony],
          aquarium_bridge_square [aquarium_subvault_bridge,
          aquarium_subvault_bridge, aquarium_subvault_bridge,
          aquarium_subvault_bridge], aquarium_window_corridor_1,
          aquarium_window_2, aquarium_window_2, aquarium_view_2e,
          aquarium_view_2d, guppyfry_early_orc_mine, uniq_jessica, uniq_robin
D:3:      minmay_razor_zed, layout_rooms, kiku_gazebo_garden_becter,
          mainiacjoe_overflow_alcove_4
D:4:      layout_cave_pools, okawaru_trees_2, minmay_temple_entry_overgrown,
          uniq_pikel, uniq_crazy_yiuf_cottage
D:5:      layout_layer_cave, marbit_many_paths
D:6:      layout_loops_ring, grunt_ministairs_13, kennysheep_cluttered_room
D:7:      layout_basic, serial_shops, nicolae_shop_tiny_real_fake_doors
D:8:      layout_cave_pools, nicolae_gozag_cash_rules_everything_around_me,
          xom_redecorated, minitemple, grunt_lair_entry_orc_guard_hut,
          serial_ice, serial_ice_k, serial_ice_b, serial_ice_m, serial_ice_g,
          serial_shops, nicolae_diamond_shop, kennysheep_generic_room_14
D:9:      layout_loops_ring, grunt_temple_overflow_lords_of_destruction,
          uniq_jeremiah, uniq_erica
D:10:     layout_basic, uniq_lodul
D:11:     layout_loops_ring, orc_0_dummy, nicolae_titane
D:12:     layout_gridville
D:13:     layout_rooms, grunt_vaults_entry_fortified, gauntlet_entry_generic,
          serial_shops, nicolae_shop_tiny_waterfront, st_stairs_5,
          grunt_dithmenos_shadows
Temple:   nicolae_temple_ecumenical_triangle
Lair:1:   layout_cave_pods, nicolae_lair_grove_arrangements,
          lemuel_fruit_fields, infiniplex_staircase_pool_2, lemuel_fruit_fields,
          uniq_prince_ribbit2, uniq_gastronok
Lair:2:   layout_hall_layers, minmay_shoals_entry_beasts,
          nicolae_spider_entry_lesser_pyramids, grunt_megastairs_3,
          lemuel_fruit_tree, uniq_fannar
Lair:3:   layout_regular_city
Lair:4:   layout_long_grid, slime_entry_1, nicolae_volcano_entry_two_sided
Lair:5:   evilmike_catoblepas_cave, layout_regular_city, grunt_megastairs_5,
          lemuel_fruit_fields
Orc:1:    layout_caves, serial_shops, shop,
          nicolae_shop_temple_entry_statues_fountains, shop,
          nicolae_shop_tiny_waterfront, nicolae_shop_competitors_out_of_business
Orc:2:    pf_orc_diabolical, layout_diamond_mine,
          gammafunk_ghost_berserking_beasts, uniq_erolcha, uniq_donald

Skill      XL: |  1  2  3  4  5  6  7  8  9 10 11 12 13 14 15 |
---------------+----------------------------------------------+-----
Armour         | 3 4 5 6 8 9 10 11 12 | 12.6
Axes           | 3 4 6 8 10 11 13 14 16 17 18 | 18.5
Fighting       | 4 5 6 7 8 10 11 12 13 | 13.6
Dodging        | 1 4 6 7 9 |  9.1
Invocations    | 2 |  2.2
Shields        | |  2.1

Action                     |  1- 3 |  4- 6 |  7- 9 | 10-12 | 13-15 | 16-18 || total
---------------------------+-------+-------+-------+-------+-------+-------++-------
  Melee: War axe           |    49 |   138 |   159 |   432 |   834 |     3 ||  1615
         Mace              |    32 |    17 |       |       |       |       ||    49
         Hand axe          |       |   119 |       |       |       |       ||   119
         Whip              |       |       |   154 |   400 |   325 |       ||   879
         Broad axe         |       |       |       |       |   506 |     3 ||   509
 Invoke: Heroism           |       |       |       |     5 |     7 |       ||    12
         Receive Weapon    |       |       |       |       |     1 |       ||     1
         Receive Armour    |       |       |       |       |     1 |       ||     1
Ability: Invent Gizmo      |       |       |       |       |     1 |       ||     1
  Evoke: Wand              |       |       |       |       |    15 |       ||    15
    Use: Potion            |       |     2 |       |       |     3 |     1 ||     6
         Scroll            |       |       |     3 |    21 |     6 |       ||    30
   Stab: Petrified         |       |       |       |       |    10 |       ||    10
         Invisible         |       |       |       |       |     9 |       ||     9
         Petrifying        |       |       |       |       |     5 |       ||     5
 Armour: Scale mail        |    41 |   137 |    73 |       |       |       ||   251
         Chain mail        |       |       |    77 |   347 |   855 |     8 ||  1287
  Dodge: Dodged            |    27 |    68 |    69 |   141 |   534 |     1 ||   840
  Block: Buckler           |     5 |       |       |       |       |       ||     5

Table legend: (Time is in decaauts)
 A = Elapsed time spent in this place.
 B = Non-inter-level travel time spent in this place.
 C = Inter-level travel time spent in this place.
 D = Time resting spent in this place.
 E = Time spent auto-exploring this place.
 F = Levels seen in this place.
 G = Mean time per level.
                   A        B        C        D        E       F      G
               +--------+--------+--------+--------+--------+-----+--------+
         Total |  20381 |  19122 |   1259 |   2746 |  13109 |  22 |  926.4 |
       Dungeon |  11231 |  10416 |    815 |    863 |   7796 |  13 |  863.9 |
        Temple |     15 |     15 |      0 |      0 |      0 |   1 |   15.0 |
          Lair |   6376 |   6167 |    209 |   1293 |   3981 |   5 | 1275.2 |
  Orcish Mines |   2032 |   1797 |    235 |    248 |   1111 |   2 | 1016.0 |
       Volcano |    724 |    724 |      0 |    341 |    221 |   1 |  724.0 |
               +--------+--------+--------+--------+--------+-----+--------+

Top non-repeatable levels by time:
  Lair:1: 1694 daAuts
  Lair:5: 1559 daAuts
   Orc:2: 1497 daAuts
    D:10: 1348 daAuts
  Lair:2: 1187 daAuts
    D:12: 1081 daAuts
     D:9: 1040 daAuts
  Lair:4: 967 daAuts
  Lair:3: 967 daAuts
     D:2: 963 daAuts
     D:6: 889 daAuts
     D:8: 862 daAuts
     D:4: 848 daAuts
    D:11: 811 daAuts
    D:13: 797 daAuts

Levels and vault maps discovered:
D:1:      eino_arrival_water_cross, layout_basic, amcnicky_mini_pool_small,
          st_stairs_7, nicolae_shop_vocational
D:2:      layout_loops_ring, serial_aquarium, aquarium_bridge_straight
          [aquarium_subvault_bridge, aquarium_subvault_wall,
          aquarium_subvault_bridge, aquarium_subvault_balcony],
          aquarium_bridge_square [aquarium_subvault_bridge,
          aquarium_subvault_bridge, aquarium_subvault_bridge,
          aquarium_subvault_bridge], aquarium_window_corridor_1,
          aquarium_window_2, aquarium_window_2, aquarium_view_2e,
          aquarium_view_2d, guppyfry_early_orc_mine, uniq_jessica, uniq_robin
D:3:      minmay_razor_zed, layout_rooms, kiku_gazebo_garden_becter,
          mainiacjoe_overflow_alcove_4
D:4:      layout_cave_pools, okawaru_trees_2, minmay_temple_entry_overgrown,
          uniq_pikel, uniq_crazy_yiuf_cottage
D:5:      layout_layer_cave, marbit_many_paths
D:6:      layout_loops_ring, grunt_ministairs_13, kennysheep_cluttered_room
D:7:      layout_basic, serial_shops, nicolae_shop_tiny_real_fake_doors
D:8:      layout_cave_pools, nicolae_gozag_cash_rules_everything_around_me,
          xom_redecorated, minitemple, grunt_lair_entry_orc_guard_hut,
          serial_ice, serial_ice_k, serial_ice_b, serial_ice_m, serial_ice_g,
          serial_shops, nicolae_diamond_shop, kennysheep_generic_room_14
D:9:      layout_loops_ring, grunt_temple_overflow_lords_of_destruction,
          uniq_jeremiah, uniq_erica
D:10:     layout_basic, uniq_lodul
D:11:     layout_loops_ring, orc_0_dummy, nicolae_titane
D:12:     layout_gridville
D:13:     layout_rooms, grunt_vaults_entry_fortified, gauntlet_entry_generic,
          serial_shops, nicolae_shop_tiny_waterfront, st_stairs_5,
          grunt_dithmenos_shadows
Temple:   nicolae_temple_ecumenical_triangle
Lair:1:   layout_cave_pods, nicolae_lair_grove_arrangements,
          lemuel_fruit_fields, infiniplex_staircase_pool_2, lemuel_fruit_fields,
          uniq_prince_ribbit2, uniq_gastronok
Lair:2:   layout_hall_layers, minmay_shoals_entry_beasts,
          nicolae_spider_entry_lesser_pyramids, grunt_megastairs_3,
          lemuel_fruit_tree, uniq_fannar
Lair:3:   layout_regular_city
Lair:4:   layout_long_grid, slime_entry_1, nicolae_volcano_entry_two_sided
Lair:5:   evilmike_catoblepas_cave, layout_regular_city, grunt_megastairs_5,
          lemuel_fruit_fields
Orc:1:    layout_caves, serial_shops, shop,
          nicolae_shop_temple_entry_statues_fountains, shop,
          nicolae_shop_tiny_waterfront, nicolae_shop_competitors_out_of_business
Orc:2:    pf_orc_diabolical, layout_diamond_mine,
          gammafunk_ghost_berserking_beasts, uniq_erolcha, uniq_donald

Table legend: (Time is in decaauts)
 A = Elapsed time spent in this place.
 B = Non-inter-level travel time spent in this place.
 C = Inter-level travel time spent in this place.
 D = Time resting spent in this place.
 E = Time spent auto-exploring this place.
 F = Levels seen in this place.
 G = Mean time per level.
                   A        B        C        D        E       F      G
               +--------+--------+--------+--------+--------+-----+--------+
         Total |  20381 |  19122 |   1259 |   2746 |  13109 |  22 |  926.4 |
       Dungeon |  11231 |  10416 |    815 |    863 |   7796 |  13 |  863.9 |
        Temple |     15 |     15 |      0 |      0 |      0 |   1 |   15.0 |
          Lair |   6376 |   6167 |    209 |   1293 |   3981 |   5 | 1275.2 |
  Orcish Mines |   2032 |   1797 |    235 |    248 |   1111 |   2 | 1016.0 |
       Volcano |    724 |    724 |      0 |    341 |    221 |   1 |  724.0 |
               +--------+--------+--------+--------+--------+-----+--------+

Top non-repeatable levels by time:
  Lair:1: 1694 daAuts
  Lair:5: 1559 daAuts
   Orc:2: 1497 daAuts
    D:10: 1348 daAuts
  Lair:2: 1187 daAuts
    D:12: 1081 daAuts
     D:9: 1040 daAuts
  Lair:4: 967 daAuts
  Lair:3: 967 daAuts
     D:2: 963 daAuts
     D:6: 889 daAuts
     D:8: 862 daAuts
     D:4: 848 daAuts
    D:11: 811 daAuts
    D:13: 797 daAuts

Table legend:
 A = Kills in this place as a percentage of kills in the entire game.
 B = Kills by you in this place as a percentage of kills by you in the entire game.
 C = Kills by friends in this place as a percentage of kills by friends in the entire game.
 D = Other kills in this place as a percentage of other kills in the entire game.
 E = Experience gained in this place as a percentage of experience gained in the entire game.
 F = Experience gained in this place divided by the number of levels of this place that you have seen.
                   A       B       C       D       E      F
               +-------+-------+-------+-------+-------+----------------------
         Total | 100.0 | 100.0 |   N/A | 100.0 | 100.0 | 5876.2
       Dungeon |  48.8 |  48.9 |   N/A |   0.0 |  29.0 | 2886.8
          Lair |  27.0 |  27.1 |   N/A |   0.0 |  44.3 | 11455.4
  Orcish Mines |  22.2 |  22.3 |   N/A |   0.0 |  23.2 | 15015.5
       Volcano |   1.9 |   1.8 |   N/A | 100.0 |   3.4 | 4440.0
               +-------+-------+-------+-------+-------+----------------------
